 Dungeon Crawl Stone Soup version 0.23-a0-483-g32a748b514 (webtiles) character file.

1766 Naow the Cleaver (level 9, 0/64 HPs)
             Began as a Formicid Fighter on Nov 30, 2018.
             Slain by Prince Ribbit (12 damage)
             ... on level 7 of the Dungeon.
             The game lasted 00:06:57 (7500 turns).

Naow the Cleaver (Formicid Fighter)                 Turns: 7500, Time: 00:06:57

Health: 0/64       AC:  7    Str: 24    XL:     9   Next: 28%
Magic:  9/9        EV:  8    Int:  8    God:
Gold:   404        SH: 10    Dex: 10    Spells: 8/8 levels left

rFire    . . .     SeeInvis +   a - +0 war axe
rCold    . . .     Gourm    .   c - +0 shield
rNeg     . . .     Faith    .   b - +0 scale mail
rPois    .         Spirit   .   (helmet unavailable)
rElec    .         Reflect  .   (no cloak)
rCorr    .         Harm     .   (no gloves)
MR       .....                  (no boots)
Stlth    ..........             (no amulet)
HPRegen  0.20/turn              (no ring)
MPRegen  0.11/turn              (no ring)

@: lethally poisoned (0 -> -3), flying
A: permanent stasis, dig shafts and tunnels, four strong arms, antennae 3
a: Dig, Shaft Self


You were on level 7 of the Dungeon.
You were very hungry.

You visited 2 branches of the dungeon, and saw 8 of its levels.

You collected 404 gold pieces.

Inventory:

Hand Weapons
 a - a +0 war axe (weapon)
Armour
 b - a +0 scale mail (worn)
 c - a +0 shield (worn)
Jewellery
 h - an uncursed ring of fire {unknown}
 y - an uncursed amulet of harm {unknown}
 A - an uncursed ring of ice {unknown}
Wands
 t - a wand of digging (13)
Scrolls
 g - a scroll of immolation {unknown}
 j - 10 scrolls of identify {unknown}
 l - 4 scrolls of fog {unknown}
 m - 4 scrolls of teleportation {unknown}
 p - 5 scrolls of remove curse {unknown}
 q - 2 scrolls of enchant armour {unknown}
 r - a scroll of fear {unknown}
 s - a scroll of magic mapping {unknown}
 u - a scroll of amnesia {unknown}
 v - a scroll of holy word {unknown}
 w - a scroll of enchant weapon {unknown}
 C - a scroll of noise {unknown}
Potions
 d - 4 potions of might
 e - 2 potions of flight
 i - 2 potions of brilliance {unknown}
 k - a potion of agility {unknown}
 n - 4 potions of curing {unknown}
 o - a potion of lignification {unknown}
 x - 2 potions of heal wounds {unknown}
 z - a potion of mutation {unknown}
Comestibles
 f - 9 rations


   Skills:
 - Level 3.2 Fighting
 - Level 10.3 Axes
 + Level 5.3 Armour
 * Level 5.4 Shields


You had 8 spell levels left.
You didn't know any spells.
Your spell library was empty.

Dungeon Overview and Level Annotations

Branches:
Dungeon (7/15)             Temple (1/1) D:4

Altars:
Ashenzari
Cheibriados
Dithmenos
Elyvilon
Fedhas
Hepliaklqana
Makhleb
Ru
Sif Muna
Trog
Uskayaw
Vehumet
Wu Jian
The Shining One

Annotations:
D:7 Prince Ribbit


Innate Abilities, Weirdness & Mutations

You cannot be hasted, slowed, berserked, paralysed or teleported.
You can dig through walls and to a lower floor.
Your four strong arms can wield two-handed weapons with a shield.
You have a pair of large antennae on your head. (SInv)


Message History

You feel sick.
There is a stone staircase leading down here.
You see here 2 javelins.
You climb downwards.
Prince Ribbit comes into view.
You feel sick.
Prince Ribbit gives a loud, deep croak!
Found 25 gold pieces.
Found an escape hatch in the floor.
There is a stone staircase leading up here.
Your shield and scale mail prevent you from hitting Prince Ribbit.
You feel sick. Prince Ribbit hits you.
You miss Prince Ribbit. Prince Ribbit closely misses you.
Prince Ribbit hits you!
* * * LOW HITPOINT WARNING * * *
You miss Prince Ribbit.
You feel sick. You block Prince Ribbit's attack.
It was a potion of flight.
You feel very buoyant.
You fly up into the air.
You block Prince Ribbit's attack. Prince Ribbit hits you!
You die...

#########
#........
.........
##.......$
.........
#...$....
#<.......
#@.......
#F.......
#......>.
#........
########.


You could see Prince Ribbit.

Vanquished Creatures
  Grinder (D:4)
  Edmund (D:4)
  A water moccasin (D:6)
  2 centaurs (D:6)
  3 ogres
  2 scorpions (D:6)
  A crimson imp (D:5)
  A quasit (D:5)
  2 centaur skeletons (D:6)
  A gnoll shaman (D:6)
  6 orc wizards
  7 worker ants
  An iguana (D:5)
  A hound skeleton (D:6)
  4 gnolls
  A howler monkey skeleton (D:4)
  9 adders
  2 shadow imps
  3 adder skeletons
  5 worms
  3 dart slugs
  5 leopard geckos
  19 orcs
  6 giant cockroaches
  5 goblins
  2 hobgoblins (D:2)
  14 jackals
  5 kobolds
  5 quokkas
  A ball python skeleton (D:5)
  9 bats
  3 frilled lizards
  2 goblin zombies (D:4)
  A jackal skeleton (D:4)
  A leopard gecko skeleton (D:5)
  A quokka zombie (D:5)
  8 rats
144 creatures vanquished.

Notes
Turn   | Place    | Note
-------+----------+-------------------------------------------
     0 | D:1      | Naow the Formicid Fighter began the quest for the Orb.
     0 | D:1      | Reached XP level 1. HP: 18/18 MP: 1/1
   206 | D:1      | Reached XP level 2. HP: 16/24 MP: 2/2
   458 | D:1      | Reached skill level 3 in Axes
   961 | D:1      | Reached XP level 3. HP: 28/29 MP: 3/3
  1236 | D:2      | Reached skill level 4 in Axes
  1236 | D:2      | Reached XP level 4. HP: 30/35 MP: 4/4
  1936 | D:3      | Reached XP level 5. HP: 39/41 MP: 5/5
  2119 | D:3      | Found a hazy altar of Hepliaklqana.
  2194 | D:3      | Reached skill level 5 in Axes
  2666 | D:4      | Noticed an ogre
  2672 | D:4      | Killed an ogre
  2672 | D:4      | Reached skill level 6 in Axes
  2672 | D:4      | Reached XP level 6. HP: 20/47 MP: 6/6
  2896 | D:4      | Noticed Grinder
  2913 | D:4      | Killed Grinder
  2913 | D:4      | Reached skill level 7 in Axes
  2913 | D:4      | Reached XP level 7. HP: 42/52 MP: 7/7
  2998 | D:4      | Found a deep blue altar of Sif Muna.
  3274 | D:4      | Found a shadowy altar of Dithmenos.
  3355 | D:4      | Found a staircase to the Ecumenical Temple.
  3398 | Temple   | Entered the Ecumenical Temple
  3633 | D:4      | Noticed Edmund
  3665 | D:4      | Killed Edmund
  3665 | D:4      | Reached skill level 8 in Axes
  4535 | D:5      | Entered Level 5 of the Dungeon
  4602 | D:5      | Reached XP level 8. HP: 28/58 MP: 8/8
  4897 | D:5      | Reached skill level 9 in Axes
  5707 | D:5      | Found a sacrificial altar of Ru.
  6361 | D:6      | Reached skill level 10 in Axes
  6732 | D:6      | Reached XP level 9. HP: 47/64 MP: 9/9
  7273 | D:6      | Reached skill level 5 in Shields
  7348 | D:6      | Reached skill level 5 in Armour
  7394 | D:6      | Found a shattered altar of Ashenzari.
  7495 | D:7      | Noticed Prince Ribbit
  7500 | D:7      | Slain by Prince Ribbit

Vault maps used:
D:1:      tarquinn_simple_flora_water_b
D:2:      minmay_misc_feat_enclosed
D:3:      overflow_temple_1_default, first_ration
D:4:      led_sif_book, lemuel_round_altar, minmay_temple_entry_wispy,
          enter_ossuary_4, serial_bayou_lagoon_a, uniq_grinder, uniq_edmund
D:5:      kennysheep_little_box
D:6:      basic_altar
D:7:      kiku_gazebo_garden_becter, uniq_crazy_yiuf_cottage,
          uniq_prince_ribbit1
Temple:   dpeg_chambers_temple

Skill      XL: |  1  2  3  4  5  6  7  8  9 |
---------------+----------------------------+-----
Axes           | 3 4 6 7 8 10 | 10.3
Shields        | 4 5 |  5.4
Armour         | 5 |  5.3
Fighting       | |  3.2

Action                   |  1- 3 |  4- 6 |  7- 9 || total
-------------------------+-------+-------+-------++-------
Melee: War axe           |    70 |   170 |   312 ||   552
  Use: Potion            |       |       |     1 ||     1
  Eat: Chunk             |     1 |     6 |    10 ||    17
       Ration            |       |       |     1 ||     1
Armor: Scale mail        |    28 |    90 |   100 ||   218
Dodge: Dodged            |    22 |    51 |    94 ||   167
Block: Shield            |    43 |    93 |   154 ||   290

Table legend:
 A = Non-vault XP
 B = Vault XP
 C = Vault XP percentage of total XP
 D = Non-vault monster count
 E = Vault monster count
 F = Vault count percentage of total count
                 A         B        C        D         E       F
            +---------+---------+-------+---------+---------+-------
      Total |    2033 |     491 |  19.5 |     139 |       5 |   3.5
            +---------+---------+-------+---------+---------+-------
        D:1 |      29 |       0 |   0.0 |      17 |       0 |   0.0
        D:2 |     102 |       0 |   0.0 |      26 |       0 |   0.0
        D:3 |      68 |       0 |   0.0 |      21 |       0 |   0.0
        D:4 |     268 |     491 |  64.7 |      18 |       5 |  21.7
        D:5 |     703 |       0 |   0.0 |      34 |       0 |   0.0
        D:6 |     863 |       0 |   0.0 |      23 |       0 |   0.0
            +---------+---------+-------+---------+---------+-------
